 Dungeon Crawl Stone Soup version 0.25.0-10-g039870ee82 (webtiles) character file.

Game seed: 1104252938721399962

46 Ge0ff the Chiller (level 3, -1/25 HPs)
             Began as a Gnoll Ice Elementalist on June 23, 2020.
             Slain by Voldus's ghost (13 damage)
             ... on level 3 of the Dungeon.
             The game lasted 00:06:05 (630 turns).

Ge0ff the Chiller (Gnoll Ice Elementalist)           Turns: 630, Time: 00:06:05

Health: -1/25      AC:  2    Str: 11    XL:     3   Next: 66%
Magic:  5/9        EV: 14    Int: 17    God:
Gold:   16         SH:  0    Dex: 15    Spells: 8/12 levels left

rFire    . . .     SeeInvis .   a - +0 dagger
rCold    . . .     Gourm    .   (no shield)
rNeg     . . .     Faith    .   w - +0 robe
rPois    .         Spirit   .   (no helmet)
rElec    .         Reflect  .   (no cloak)
rCorr    .         Harm     .   (no gloves)
MR       .....                  (no boots)
Stlth    +++.......             (no amulet)
HPRegen  0.08/turn              (no ring)
MPRegen  0.11/turn              (no ring)

@: frozen ramparts
A: distributed training, fangs 1, strong nose
a: no special abilities


You were on level 3 of the Dungeon.
You were not hungry.

You visited 1 branch of the dungeon, and saw 3 of its levels.

You collected 16 gold pieces.

Inventory:

Hand Weapons
 a - a +0 dagger (weapon)
 x - a +0 short sword
Missiles
 t - 54 stones (quivered)
 E - 14 poisoned darts
Armour
 w - a +0 robe (worn)
 y - a +0 ring mail
Scrolls
 v - a scroll of identify {unknown}
 A - a scroll of enchant armour {unknown}
 B - a scroll of fear {unknown}
 C - a scroll of enchant weapon {unknown}
Potions
 q - 3 potions of heal wounds {unknown}
 u - a potion of resistance {unknown}
 z - a potion of curing {unknown}
 D - a potion of flight {unknown}
Comestibles
 r - 4 rations
 s - 4 chunks of flesh


   Skills:
 + Level 0.9 Fighting
 + Level 0.9 Short Blades
 + Level 0.9 Long Blades
 + Level 0.9 Axes
 + Level 0.9 Maces & Flails
 + Level 0.9 Polearms
 + Level 0.9 Staves
 + Level 0.9 Slings
 + Level 0.9 Bows
 + Level 0.9 Crossbows
 + Level 0.9 Throwing
 + Level 0.9 Armour
 + Level 4.5 Dodging
 + Level 4.2 Stealth
 + Level 0.9 Shields
 + Level 0.9 Unarmed Combat
 + Level 5.0 Spellcasting
 + Level 0.6 Conjurations
 + Level 0.6 Hexes
 + Level 0.6 Charms
 + Level 0.6 Summonings
 + Level 0.6 Necromancy
 + Level 0.6 Translocations
 + Level 0.6 Transmutations
 + Level 0.6 Fire Magic
 + Level 7.1 Ice Magic
 + Level 0.6 Air Magic
 + Level 0.6 Earth Magic
 + Level 0.6 Poison Magic
 + Level 1.0 Invocations
 + Level 0.9 Evocations


You had 8 spell levels left.
You knew the following spells:

 Your Spells              Type           Power        Failure   Level  Hunger
k - Freeze                Ice            ####         1%          1    None
m - Frozen Ramparts       Ice            ####..       2%          3    ###....

Your spell library contained the following spells:

 Spells                   Type           Power        Failure   Level  Hunger
 Ozocubu's Armour         Chrm/Ice       ###.....     9%          3    ###....
 Hailstorm                Conj/Ice       ###.....     28%         4    ####...
 Summon Ice Beast         Ice/Summ       ###.....     28%         4    ####...


Dungeon Overview and Level Annotations

Branches:
Dungeon (3/15)

Altars:
Dithmenos
Wu Jian

Annotations:
D:3 1 transporter, Voldus's ghost, amateur GrFi


Innate Abilities, Weirdness & Mutations

Your experience applies equally to all skills.
You have very sharp teeth.
Your uncanny sense of smell can sniff out nearby items.


Message History

The leopard gecko zombie resists.
The wall freezes the leopard gecko zombie.
You barely miss Voldus's ghost.
Voldus's ghost is heavily damaged.
The wall freezes Voldus's ghost.
Voldus's ghost hits you!
The centaur skeleton completely resists.
The wall freezes the centaur skeleton but do no damage.
The mummy resists.
The wall freezes the mummy.
Casting: Frozen Ramparts (dangerous; 2% risk of failure)
Confirm with . or Enter, or press ? or * to list all spells.
Aiming: Freeze (safe; 1% risk of failure)
Press: ? - help, Shift-Dir - straight line, f - Voldus's ghost
Aim: Voldus's ghost (heavily damaged)
You freeze Voldus's ghost.
Voldus's ghost is severely damaged.
The centaur skeleton completely resists.
The wall freezes the centaur skeleton but do no damage.
The wall freezes Voldus's ghost.
Voldus's ghost hits you!
Ouch! That really hurt!
You die...

####.......##.......########.####
.............................>...
...#.......#........###.########.
#.........#..........#.###
..#.########.......##.#...#
..#..# ................#.##.#
..##.# #.#############..#....# ##
#.###.#..........©#....###
#..##.#......@....#.##.#
##.##.#..###W###..#....#
#.##.#..#8#Z#8#..#...##
#.#..#$M...M...Z.#...#
#...©#(....©.....#©..#
##...#$..[.......#..##
#.#.#..#8#.#8#..#.##
#.#.#..###.###..#.#
#.#.#...........#.#


You could see a mummy, Voldus's ghost and a centaur skeleton.

Vanquished Creatures
  2 adders
  A worm (D:2)
  2 leopard geckos
  An orc (D:3)
  4 bats
  5 goblins
  A hobgoblin (D:3)
  A quokka (D:2)
  A ball python (D:3)
  5 rats
23 creatures vanquished.

Notes
Turn   | Place    | Note
-------+----------+-------------------------------------------
     0 | D:1      | Ge0ff the Gnoll Ice Elementalist began the quest for the
                  | Orb.
     0 | D:1      | Reached XP level 1. HP: 13/13 MP: 6/6
    35 | D:2      | Reached XP level 2. HP: 19/19 MP: 4/7
    46 | D:2      | Found a shadowy altar of Dithmenos.
   276 | D:1      | Reached XP level 3. HP: 20/25 MP: 6/9
   281 | D:1      | Learned a level 3 spell: Frozen Ramparts
   291 | D:1      | Reached skill level 5 in Spellcasting
   434 | D:3      | Reached skill level 1 in Invocations
   509 | D:3      | Found an ornate altar of the Wu Jian Council.
   589 | D:3      | Found a transporter.
   613 | D:3      | Found a transporter.
   613 | D:3      | Noticed Voldus's ghost (amateur GrFi)
   630 | D:3      | Slain by Voldus's ghost

Illustrated notes

Levels and vault maps discovered:
D:1:      saegor_arrival_simple_a, layout_loops_ring
D:2:      layout_basic, bloody_trog, okawaru_altar_gauntlet_db,
          grunt_dithmenos_smoke, lemuel_crystal_altar, corexii_leaking_fountain,
          kennysheep_generic_room_7
D:3:      layout_basic, old_standard_altar, first_ration,
          gammafunk_ghost_mausoleum

Skill      XL: |  1  2  3 |
---------------+----------+-----
Spellcasting   | 5 |  5.0
Invocations    | 1 |  1.0
Fighting       | |  0.9
Short Blades   | |  0.9
Long Blades    | |  0.9
Axes           | |  0.9
Maces & Flails | |  0.9
Polearms       | |  0.9
Staves         | |  0.9
Slings         | |  0.9
Bows           | |  0.9
Crossbows      | |  0.9
Throwing       | |  0.9
Armour         | |  0.9
Dodging        | |  4.5
Stealth        | |  4.2
Shields        | |  0.9
Unarmed Combat | |  0.9
Conjurations   | |  0.6
Hexes          | |  0.6
Charms         | |  0.6
Summonings     | |  0.6
Necromancy     | |  0.6
Translocations | |  0.6
Transmutations | |  0.6
Fire Magic     | |  0.6
Ice Magic      | |  7.1
Air Magic      | |  0.6
Earth Magic    | |  0.6
Poison Magic   | |  0.6
Evocations     | |  0.9

Action                   || total
-------------------------++-------
Melee: Dagger            ||     7
 Cast: Freeze            ||    26
       Frozen Ramparts   ||     3
 Stab: Sleeping          ||     2
Armor: Robe              ||     5
Dodge: Dodged            ||     9

Levels and vault maps discovered:
D:1:      saegor_arrival_simple_a, layout_loops_ring
D:2:      layout_basic, bloody_trog, okawaru_altar_gauntlet_db,
          grunt_dithmenos_smoke, lemuel_crystal_altar, corexii_leaking_fountain,
          kennysheep_generic_room_7
D:3:      layout_basic, old_standard_altar, first_ration,
          gammafunk_ghost_mausoleum
